Map: Bel'Shir Vestige LE (Void)

Players

Fimp

  • Race: Terran Terran
  • Spawn Location: 11:00

Pelden - Winner!

  • Race: Zerg Zerg
  • Spawn Location: 5:00

VOD

Have the link to the VOD?

Description

Time

  • Played on: April 9, 2017, 4:22 p.m.
  • Length: 16:27
Show
View Real Time Build Order
Export as new Build Order

Fimp Terran 

Build Orders:  

Get SALT Encoding   

  12  0:01  SCV  
  13  0:13  SCV  
  14  0:18  Supply Depot  
  14  0:25  SCV  
  15  0:39  SCV  
  15  0:41  Barracks  
  16  0:46  Refinery  
  16  0:52  SCV  
  17  1:04  SCV  
  18  1:16  SCV  
  19  1:28  Orbital Command  
  19  1:30  Supply Depot  
  19  1:33  Marine  
  20  1:42  Refinery  
  20  1:55  Command Center  
  20  1:58  SCV  
  21  2:09  Factory  
  21  2:18  Barracks Reactor  
  21  2:21  SCV  
  22  2:33  SCV  
  23  2:42  Factory  
  22  2:53  Hellion  
  22  2:54  Marine  
  22  2:55  Marine  
  26  3:01  Starport  
  26  3:03  SCV  
  27  3:31  SCV  
  27  3:32  Barracks Tech Lab  
  28  3:44  SCV  
  28  3:47  Factory Tech Lab  
  29  3:52  Armory  
  29  3:53  Starport Tech Lab  
  29  3:57  SCV  
  29  4:02  Supply Depot  
  30  4:07  Hellion x2  
  30  4:08  Siege Tank  
  37  4:16  Marauder  
  39  4:18  Orbital Command  
  38  4:25  SCV  
  39  4:33  Supply Depot  
  39  4:37  SCV  
  40  4:43  Siege Tank  
  43  4:52  Hellion x2  
  47  4:53  SCV  
  47  4:55  SCV  
  47  5:13  Marauder  
  48  5:19  Siege Tank  
  50  5:23  Cyclone x2  
  50  5:28  SCV  
  57  5:30  SCV  
  58  5:35  Refinery  
  58  5:53  SCV x2  
  58  5:55  Marauder  
  62  6:03  Cyclone  
  61  6:12  Supply Depot  
  61  6:16  Terran Vehicle Weapons Level 1  
  61  6:18  Supply Depot  
  61  6:27  Banshee  
  40  6:49  Marauder  
  40  6:52  Siege Tank, Cyclone  
  41  7:17  Marauder  
  41  7:19  Banshee  
  41  7:22  SCV  
  47  7:28  Orbital Command  
  47  7:45  Siege Tank  
  47  7:46  Cyclone  
  50  7:53  SCV  
  39  8:20  Refinery, Siege Tank  
  39  8:26  SCV x2  
  44  8:38  Marauder  
  44  8:41  Cyclone  
  49  8:55  Refinery  
  49  9:04  Marauder  
  49  9:05  Cyclone  
  49  9:06  Siege Tank  
  57  9:23  SCV x2  
  59  9:29  Banshee  
  62  9:32  Cyclone  
  62  9:34  Marauder  
  62  9:38  Command Center  
  65  9:57  Cyclone  
  65  9:59  Siege Tank  
  71  10:00  Marauder  
  71  10:02  SCV x2  
  75  10:09  Command Center  
  48  10:28  Banshee  
  48  10:30  Marauder  
  53  10:36  Siege Tank  
  53  10:39  Cyclone x2  
  62  10:53  SCV x2  
  64  10:57  Command Center  
  64  11:02  Marauder  
  66  11:10  Factory  
  66  11:14  SCV x2  
  53  11:40  Thor  
  53  11:41  Hellbat x2  
  63  11:51  Marauder  
  63  11:52  Banshee  
  63  11:53  SCV x2  
  70  12:13  Cyclone x2  
  70  12:15  Marauder  
  76  13:06  Liberator  
  76  13:16  Siege Tank  
  76  13:19  Hellbat x2  
  83  13:21  Marauder  
  60  13:49  Liberator, Hellbat  
  60  13:50  Hellbat  
  60  13:51  Siege Tank  
  70  14:11  SCV x2  
  71  14:23  SCV x2  
  61  14:27  Cyclone x2  
  67  14:40  Siege Tank  
  67  14:42  Marauder  
  72  14:50  Supply Depot  
  72  14:51  SCV x2  
  74  14:57  Banshee  
  62  15:44  Hellion x3  
  68  16:05  Hellion  
  68  16:06  Hellion x2  
Show
View Real Time Build Order
Export as new Build Order

Pelden Zerg - Winner!

Build Orders: Hatch First 

Get SALT Encoding   

  12  0:01  Drone  
  13  0:12  Overlord  
  13  0:17  Drone  
  14  0:34  Drone x2  
  16  0:51  Hatchery  
  16  0:52  Drone  
  16  0:55  Drone  
  17  1:06  Drone  
  17  1:07  Drone  
  19  1:17  Spawning Pool  
  18  1:20  Drone  
  19  1:37  Drone  
  19  1:39  Overlord  
  20  1:47  Extractor  
  19  2:04  Zergling x4  
  19  2:05  Queen  
  23  2:11  Queen  
  23  2:13  Drone  
  26  2:18  Drone, Roach Warren  
  26  2:21  Drone  
  27  2:29  Drone  
  29  2:37  Drone x2  
  29  2:41  Drone  
  31  2:47  Drone  
  32  2:55  Drone  
  33  3:03  Drone  
  33  3:04  Extractor  
  33  3:05  Lair  
  33  3:09  Drone x2  
  33  3:12  Drone  
  35  3:22  Drone  
  35  3:24  Overlord x3  
  35  3:27  Extractor  
  35  3:30  Drone  
  35  3:35  Drone, Evolution Chamber  
  35  3:42  Hatchery  
  35  3:47  Drone x4  
  38  3:51  Drone x2  
  40  3:56  Drone x2  
  40  3:58  Drone  
  43  4:04  Overseer  
  43  4:06  Roach x2  
  47  4:23  Roach  
  49  4:32  Roach x3  
  49  4:33  Zerg Ground Armor Level 1  
  49  4:34  Roach  
  49  4:35  Roach  
  59  4:44  Overlord  
  59  4:49  Overlord x2  
  59  5:00  Glial Reconstitution  
  59  5:04  Roach x4  
  59  5:05  Roach x2  
  71  5:17  Roach x3  
  77  5:25  Drone x2  
  77  5:26  Spine Crawler  
  77  5:28  Drone  
  79  5:29  Spine Crawler  
  79  5:30  Roach x3  
  84  5:38  Overlord x2  
  84  5:41  Overlord x2  
  84  5:44  Overseer  
  84  6:07  Roach  
  86  6:11  Roach  
  86  6:12  Roach x7, Overlord x2  
  88  6:36  Roach  
  88  6:37  Roach x5  
  82  6:58  Hatchery  
  81  7:27  Hydralisk Den  
  81  7:29  Spore Crawler  
  79  7:41  Roach x6  
  91  7:49  Hatchery  
  78  8:12  Overseer x2  
  76  8:14  Hydralisk x5  
  76  8:15  Hydralisk  
  88  8:25  Drone x2  
  88  8:26  Extractor  
  89  8:27  Drone x2  
  89  8:29  Extractor  
  89  8:31  Spine Crawler  
  89  8:43  Hydralisk x2  
  89  8:44  Hydralisk  
  95  9:01  Drone x3  
  98  9:08  Queen  
  100  9:13  Hydralisk x3  
  100  9:14  Hydralisk  
  100  9:15  Roach x4  
  116  9:27  Muscular Augments  
  116  9:28  Zergling x2  
  116  9:29  Zergling x14  
  124  9:33  Drone x3  
  124  9:36  Queen  
  124  9:37  Overlord x3  
  124  9:38  Hydralisk  
  132  10:00  Drone x2  
  132  10:01  Spine Crawler  
  78  10:36  Roach x8  
  78  10:37  Roach x8  
  108  10:47  Roach x2  
  112  10:57  Zerg Ground Armor Level 2  
  112  10:59  Roach  
  114  11:26  Roach  
  114  11:27  Roach x11  
  112  11:43  Roach x5  
  112  11:44  Roach  
  116  11:50  Drone  
  116  11:52  Roach  
  119  12:02  Roach  
  119  12:03  Roach x7  
  135  12:13  Drone  
  136  12:21  Roach x5, Hydralisk x2  
  150  12:40  Hydralisk  
  150  12:41  Hydralisk x3  
  150  12:42  Hatchery  
  157  12:51  Spire  
  156  12:58  Burrow  
  156  13:00  Tunneling Claws  
  156  13:13  Zerg Missile Weapons Level 1  
  156  13:17  Hydralisk x5  
  156  13:18  Hydralisk  
  150  13:38  Roach x6  
  150  13:39  Roach x2  
  112  14:08  Roach x11  
  112  14:09  Roach  
  134  14:55  Infestation Pit  
  134  15:00  Drone x3  
  134  15:03  Roach x3  
  134  15:04  Roach x18, Corruptor x2, Mutalisk x2  
  134  15:05  Hydralisk x5  
  160  15:08  Overlord x2  
  134  15:28  Roach  
  134  15:29  Roach x8  
  131  15:42  Drone  
  131  15:43  Drone x2, Extractor  
  131  15:45  Drone  
  135  15:57  Roach x4  
  135  15:58  Roach x5  
  135  16:00  Zergling x2  
  135  16:01  Zergling x2  
Tags
 
Add a new tag
Caveats
  • Supply blocks, unpowered buildings, or Contaminate may cause inaccurate times.
  • Supply counts are checked every 10 seconds.